[Event "WSTCC-65 2024"]
[Site "Krakow"]
[Date "2024.07.04"]
[Round "3.1"]
[White "Nunn, John D M"]
[Black "Maier, Christian"]
[Result "1/2-1/2"]
[ECO "B07"]
[WhiteElo "2552"]
[BlackElo "2252"]
[Annotator "TA"]
[PlyCount "65"]
[EventDate "2024.07.01"]
[EventType "team-tourn"]
[EventCountry "POL"]
[SourceTitle "playchess.com"]
[Source "ChessBase"]
[SourceQuality "1"]
[TimeControl "40/5400+30:1800+30"]

1. e4 d6 2. d4 Nf6 3. Nc3 e5 4. Nf3 exd4 5. Qxd4 Be7 6. Bf4 O-O 7. O-O-O Nc6 8. Qe3 Ng4 9. Qe1 Bf6 {[%emt 0:02:53] White is slightly better.} 10. Nd5 Re8 11. h3 Nge5 12. Nxe5 Bxe5 13. Bxe5 Nxe5 14. f4 c6 {[%emt 0:01:43] [#]} (14... Nd7 $14) 15. Nc3 $1 $16 Ng6 16. Qd2 Qh4 {[%emt 0:09:26] Inhibits g3.} 17. f5 ({Don't play} 17. Qxd6 $6 Nxf4 18. Qc7 Qg3 $15) 17... Ne5 18. Qxd6 b5 19. g4 (19. Kb1 $16) 19... a5 $11 20. Be2 Ba6 21. Qd2 b4 22. Na4 Rad8 23. Qe1 Qg5+ 24. Kb1 Rxd1+ 25. Qxd1 Rd8 26. Qe1 Bxe2 27. Qxe2 Rd2 28. Qa6 Qd8 $36 {[%emt 0:00:15][%mdl 2048] [#] ( -> ...Rd1+). Black has some pressure.} 29. Rc1 h6 30. Nc5 Rd1 31. Nd3 Rxc1+ 32. Nxc1 (32. Kxc1 $5 Nf3 33. Qa7 (33. Qxc6 $2 {perishes.} Qg5+ 34. Kb1 Nd2+ 35. Ka1 Qe3 $19) 33... Qg5+ 34. Kb1 $15) 32... Qd4 {[%emt 0:00:50] Hoping for ...Nc4.} 33. Qe2 {[%emt 0:01:55] Weighted Error Value: White=0.09 (flawless) /Black=0.06 (flawless) .  Mistake:       	White=1     	Black=1      Inaccurate:     	White=2     	Black=1      OK:         	White=13    	Black=16     Best:        	White=2     	Black=2      Strong:       	White=1     	---} 1/2-1/2

[Event "WSTCC-65 2024"]
[Site "Krakow"]
[Date "2024.07.04"]
[Round "3.1"]
[White "Wallace, John Paul"]
[Black "Carvalho, Herbert Abreu"]
[Result "0-1"]
[ECO "C81"]
[WhiteElo "2369"]
[BlackElo "2123"]
[Annotator "TA"]
[PlyCount "108"]
[EventDate "2024.07.01"]
[EventType "team-tourn"]
[EventCountry "POL"]
[SourceTitle "playchess.com"]
[Source "ChessBase"]
[SourceQuality "1"]
[TimeControl "40/5400+30:1800+30"]

1. e4 e5 2. Nf3 Nc6 3. Bb5 a6 4. Ba4 Nf6 5. O-O Nxe4 6. d4 b5 7. Bb3 d5 8. dxe5 Be6 9. Qe2 Nc5 10. Rd1 Nxb3 11. axb3 Qc8 12. Nbd2 Be7 13. c3 b4 14. Nd4 {The position is equal.} Nxd4 15. cxd4 O-O 16. Nf3 h6 17. h3 Bd7 18. Bf4 Bb5 19. Qe3 Qe6 20. Ne1 c5 21. dxc5 d4 22. Qg3 (22. Rxd4 $2 Bxc5 23. Nf3 Qb6 $17 (23... Bxd4 24. Nxd4 Qg6 25. Kh2 $15)) 22... Bxc5 23. Nd3 Be7 $36 {[%emt 0:03:01][%cal Og8h7][%mdl 2048] Black is more active.} 24. Rac1 (24. Bd2 $11) 24... Rac8 (24... Qxb3 $2 25. Bxh6 g6 26. Bxf8 Bxf8 27. Qf3 $18) (24... Rfc8 $17 {White must now prevent ...Rxc1.} 25. Ne1 Rxc1 26. Rxc1 Be2) 25. Bd2 $11 a5 (25... Qxb3 26. Bxh6 g6 27. Bxf8 Bxf8 28. Qg4 Rxc1 29. Nxc1 Qxb2 30. e6 $16 (30. Qxd4 Qc2 $11)) (25... Rxc1 $11 26. Rxc1 Re8 (26... Qxb3 $2 27. Bxh6 g6 28. Bxf8 $18) 27. Nxb4 Bxb4 28. Bxb4 Qxe5) 26. Re1 $2 {[%emt 0:00:11] [#]} (26. Nf4 $1 $14 {is the one way to stay ahead.} Qd7 (26... Qxe5 27. Ng6 $16) 27. Ra1 (27. Nh5 g5 $11)) 26... Kh8 (26... Qxb3 $2 {is the wrong capture.} 27. Bxh6 g6 28. Bxf8 Rxf8 29. Rcd1 $16 (29. Rc7 $2 Bd8 $19)) (26... Rxc1 $17 27. Nxc1 (27. Rxc1 Bxd3 28. Qxd3 Qxe5 $17) 27... Rc8) 27. Nf4 Qf5 28. Qg4 (28. Rxc8 $11 {remains equal.} Rxc8 29. e6) 28... Qxg4 $17 29. hxg4 Bg5 {[%emt 0:01:36] ...Bd7 is the strong threat.} 30. f3 (30. e6 $11) 30... Bh4 ({Black should play} 30... Kg8 $17 31. Kf2 Rfe8) 31. Rxc8 ({Only move:} 31. Red1 $15) 31... Rxc8 $19 32. Re4 Rc2 33. Rxd4 Rxb2 {[%emt 0:01:08] Black is more active.} 34. g3 $2 {[%emt 0:01:58] This costs White the game.} (34. Kh2 $17 {was forced.}) 34... Bg5 35. e6 Kg8 {[%emt 0:03:11] [#] aiming for ...fxe6.} (35... Rxb3 36. exf7 Kh7 37. f8=Q $18 (37. f8=B Rxf3 38. Rd5 Bc6 $17)) 36. Bxb4 axb4 37. Rxb4 Be8 {[%emt 0:01:00] ...fxe6 would now be deadly.} 38. Rb8 Kf8 {[%emt 0:00:46] And now ...Bxf4 would win.} 39. Nd5 (39. exf7 {only move.} Kxf7 40. Rb7+ Kf6 41. Nd5+ Ke5 42. f4+ Kxd5 43. fxg5 hxg5 44. Rxg7) 39... Rc2 ({Inferior is} 39... fxe6 40. Nc7 $11) 40. exf7 Kxf7 41. f4 Bf6 42. Nxf6 gxf6 {[%emt 0:00:57][%mdl 4096] Endgame. KRB-KR} 43. Rb7+ Kg8 44. Rb8 Kf8 45. Rb7 $2 (45. b4) 45... Bf7 (45... Rg2+ $142 46. Kxg2 Bc6+ 47. Kh3 Bxb7) 46. b4 (46. Rb8+ $142 Kg7 47. b4) 46... Bd5 47. Rb5 Rd2 48. Rb6 (48. Ra5 $142) 48... Ke7 49. Kf1 Bf3 50. g5 hxg5 51. fxg5 fxg5 52. Rg6 g4 53. b5 Kd7 54. b6 Kc8 {[%emt 0:00:37] Weighted Error Value: White=0.56/Black=0.36.  Loses game:     	White=1     	---        Mistake:       	White=9     	Black=5      Inaccurate:     	White=2     	Black=3      OK:         	White=7     	Black=14     Best:        	White=4     	Black=4} 0-1

[Event "WSTCC-65 2024"]
[Site "Krakow"]
[Date "2024.07.04"]
[Round "3.1"]
[White "Pruefer, Friedbert"]
[Black "Janocha, Wieslaw"]
[Result "0-1"]
[ECO "A40"]
[WhiteElo "2214"]
[BlackElo "2167"]
[Annotator "RC"]
[PlyCount "102"]
[EventDate "2024.07.01"]
[EventType "team-tourn"]
[EventCountry "POL"]
[SourceTitle "playchess.com"]
[Source "ChessBase"]
[SourceQuality "1"]
[TimeControl "40/5400+30:1800+30"]

1. d4 e6 2. Nf3 Nf6 3. Bf4 c5 4. c3 Nc6 5. e3 d5 6. Nbd2 Bd6 7. Bg3 O-O 8. Bd3 cxd4 9. exd4 Rb8 10. Qe2 a6 11. a4 Nh5 12. Ne5 g6 13. Qe3 Qc7 14. Ndf3 f6 15. Nxc6 Nxg3 16. hxg3 bxc6 17. b4 a5 18. Qh6 axb4 19. Rb1 Qg7 20. cxb4 Bxb4+ 21. Ke2 Bd7 22. Qxg7+ Kxg7 23. Rhc1 Rb6 24. Rb3 Rfb8 25. Rcb1 Kf7 26. g4 Ba5 27. Nd2 e5 28. Rxb6 Rxb6 29. Nb3 e4 30. Bc2 Bc3 31. f3 f5 32. g5 Bc8 33. a5 Rb4 34. Ke3 c5 35. dxc5 d4+ 36. Kf4 d3 37. Bd1 Bb7 38. Ke3 Ke6 39. Rc1 Rc4 40. fxe4 fxe4 41. Bg4+ Kd5 42. Bd7 Bd4+ 43. Kd2 Rxc1 44. Kxc1 Bxc5 45. Be6+ Kd6 46. Bg8 Bd5 47. Bxd5 Kxd5 48. a6 Bb6 49. Kd1 e3 50. g4 Kc4 51. Na5+ Bxa5 0-1

[Event "WSTCC-65 2024"]
[Site "Krakow"]
[Date "2024.07.04"]
[Round "3.2"]
[White "Raupp, Thomas"]
[Black "Kosten, Anthony C."]
[Result "1/2-1/2"]
[ECO "E20"]
[WhiteElo "2237"]
[BlackElo "2360"]
[Annotator "TA"]
[PlyCount "61"]
[EventDate "2024.07.01"]
[EventType "team-tourn"]
[EventCountry "POL"]
[SourceTitle "playchess.com"]
[Source "ChessBase"]
[SourceQuality "1"]
[TimeControl "40/5400+30:1800+30"]

1. d4 Nf6 2. c4 e6 3. Nc3 Bb4 4. f3 c5 5. d5 O-O 6. e4 d6 7. Nge2 a6 8. a4 Ba5 9. Ng3 b5 {[%emt 0:02:27] White has an edge.} 10. Kf2 Nbd7 11. Bf4 Ne5 (11... bxc4 $15 12. dxe6 fxe6 13. Bxd6 (13. Qxd6 $2 Ng4+ 14. Kg1 Qf6 $17) 13... Ne5 14. Bxf8 (14. Bxe5 $2 Ng4+ 15. Kg1 Nxe5 $19) 14... Qxf8) 12. axb5 $14 exd5 13. exd5 Re8 14. Be2 Bb7 15. Qc2 Bxc3 16. Qxc3 axb5 17. b3 Ng6 18. Rxa8 Bxa8 19. Bd2 b4 20. Qb2 Qb6 (20... Bb7 $11 {keeps the balance.}) 21. Nf5 $16 {[%emt 0:05:58][%cal Od2h6] aiming for Bh6!} Ne5 (21... Re5 $16 {keeps fighting.} 22. g4 h5) 22. Ra1 $18 Bb7 {[%emt 0:01:31] [#]} 23. Qa2 ({White should try} 23. Bg5 $1 $18 {[%cal Rg5f6] Hoping for Bxf6.} Qd8 24. Kg1) 23... Bc8 $14 24. Ne3 (24. Ng3 $14) 24... Qd8 $11 25. Qa7 (25. g3 $11) 25... h6 (25... Neg4+ $142 26. Nxg4 (26. fxg4 $2 Ne4+ 27. Kg1 Nxd2 $19) 26... Nxg4+ 27. fxg4 Qf6+ 28. Bf3 (28. Ke1 $2 Qe5 $19) 28... Qd4+ (28... Bxg4 $2 29. Re1 $18) 29. Kg3 Qxd2) 26. Qa5 ({White should play} 26. Re1) 26... Qe7 (26... Neg4+ $1 $17 27. Nxg4 (27. fxg4 $2 {loses.} Ne4+ 28. Kg1 Qxa5 $19) 27... Nxg4+ 28. fxg4 Qf6+ 29. Bf3 (29. Ke1 $2 Bxg4 $19) 29... Qd4+ (29... Bxg4 30. Re1 $11) 30. Kf1 Qxd2) 27. Re1 $1 $15 Bd7 28. Kg1 Qf8 29. Ra1 (29. Qa1 $11) 29... Qe7 30. Re1 Qf8 31. Ra1 {[%emt 0:00:07] Weighted Error Value: White=0.35/Black=0.33.  Mistake:       	White=5     	Black=5      Inaccurate:     	White=3     	Black=2      OK:         	White=7     	Black=7      Best:        	White=1     	---        Strong:       	White=1     	---} 1/2-1/2

[Event "WSTCC-65 2024"]
[Site "Krakow"]
[Date "2024.07.04"]
[Round "3.2"]
[White "Barreto, Ignacio C. de Barros"]
[Black "Smith, Andrew Philip"]
[Result "1/2-1/2"]
[ECO "C41"]
[WhiteElo "2059"]
[BlackElo "2037"]
[Annotator "NA RC"]
[PlyCount "29"]
[EventDate "2024.07.01"]
[EventType "team-tourn"]
[EventCountry "POL"]
[SourceTitle "playchess.com"]
[Source "ChessBase"]
[SourceQuality "1"]
[TimeControl "40/5400+30:1800+30"]

1. e4 e5 2. Nf3 d6 3. d4 exd4 4. Qxd4 Nc6 5. Bb5 Bd7 6. Bxc6 Bxc6 7. Nc3 Nf6 8. Bg5 Be7 9. O-O-O O-O 10. Rhe1 h6 11. Bh4 Re8 12. Kb1 a6 13. Qc4 Nd7 14. Bxe7 Rxe7 15. Nd5 1/2-1/2

[Event "WSTCC-65 2024"]
[Site "Krakow"]
[Date "2024.07.04"]
[Round "3.2"]
[White "Swierczewski, Marek"]
[Black "Baum, Bernd"]
[Result "1/2-1/2"]
[ECO "C11"]
[WhiteElo "2059"]
[BlackElo "2203"]
[Annotator "RC"]
[PlyCount "75"]
[EventDate "2024.07.01"]
[EventType "team-tourn"]
[EventCountry "POL"]
[SourceTitle "playchess.com"]
[Source "ChessBase"]
[SourceQuality "1"]
[TimeControl "40/5400+30:1800+30"]

1. e4 e6 2. d4 d5 3. Nc3 Nf6 4. exd5 exd5 5. Bd3 Nc6 6. Nge2 Nb4 7. O-O Nxd3 8. Qxd3 Be7 9. Ng3 O-O 10. Nf5 Bxf5 11. Qxf5 h6 12. Nd1 Bd6 13. Ne3 Re8 14. Qf3 c6 15. Nf5 Re4 16. h3 Kh7 17. Be3 Bf8 18. Rfe1 Re6 19. Ng3 Qa5 20. c3 Rae8 21. Qf5+ g6 22. Qc2 Qc7 23. Bd2 Bd6 24. Rxe6 Rxe6 25. Nf1 Ne4 26. Re1 Qe7 27. Be3 f5 28. Qc1 g5 29. Qc2 Kg7 30. Bc1 Bc7 31. f3 Ng3 32. Rxe6 Qxe6 33. Nxg3 Bxg3 34. Qd1 Bc7 35. Kf1 Qd6 36. Qe2 Kf7 37. Qd3 Kf6 38. Qe3 1/2-1/2

[Event "WSTCC-65 2024"]
[Site "Krakow"]
[Date "2024.07.04"]
[Round "3.3"]
[White "Littlewood, Paul E"]
[Black "Vatter, Hans-Joachim"]
[Result "1/2-1/2"]
[ECO "C02"]
[WhiteElo "2318"]
[BlackElo "2214"]
[Annotator "TA"]
[PlyCount "61"]
[EventDate "2024.07.01"]
[EventType "team-tourn"]
[EventCountry "POL"]
[SourceTitle "playchess.com"]
[Source "ChessBase"]
[SourceQuality "1"]
[TimeControl "40/5400+30:1800+30"]

1. e4 e6 2. d4 d5 3. e5 c5 4. c3 Qb6 5. Nf3 Bd7 6. Be2 Bb5 7. c4 Bxc4 8. Bxc4 dxc4 9. d5 exd5 10. Qxd5 {[%emt 0:01:33][%cal Of3g5] [#] And now Ng5! would win.} Ne7 11. Qe4 Qc6 12. Qxc4 Nd7 {[%emt 0:00:22][%cal Bb8d7,Bd7b6,Bb6d5,Bd5f4,Bf4h3][%mdl 32] The position is equal.} 13. Nc3 Ng6 14. O-O {[%emt 0:01:23][%cal Oe5e6] Threatens to win with e6!} Be7 15. Re1 {[%emt 0:02:54] [#] Strongly threatening e6.} Nb6 16. Qg4 Qe6 17. Qg3 {[%emt 0:06:44] White is more active.} (17. Qe4 $14) 17... O-O $11 18. Ne4 Nd5 19. Bg5 Bxg5 20. Nexg5 Qf5 21. e6 fxe6 $1 22. Nxe6 Rfe8 23. Nxc5 Ndf4 24. Qg5 (24. Nxb7 $2 {perishes.} Qd5 (24... Ne2+ 25. Rxe2 Rxe2 26. Nd4 $16) 25. h4 Ne2+ (25... Qxb7 $2 26. Qg4 $19) 26. Rxe2 Rxe2 $19) 24... Nh3+ 25. gxh3 Qxf3 26. Re3 Qf7 27. Rae1 Rxe3 28. Qxe3 Qxa2 29. b3 {[%emt 0:01:18] White wants to mate with Qe6+.} Rf8 30. Ne6 (30. Nxb7 $11 {is superior.} Nf4 31. Kh1) 30... Rf7 31. Qg3 {Weighted Error Value: White=0.14 (very precise) /Black=0.09 (flawless) .  Mistake:       	White=3     	---        Inaccurate:     	White=2     	Black=2      OK:         	White=7     	Black=10     Best:        	White=2     	---        Strong:       	---       	Black=1} (31. h4 $15) 1/2-1/2

[Event "WSTCC-65 2024"]
[Site "Krakow"]
[Date "2024.07.04"]
[Round "3.3"]
[White "Glaessl, Matthias"]
[Black "Czajkowski, Ryszard"]
[Result "1/2-1/2"]
[ECO "C17"]
[WhiteElo "2196"]
[BlackElo "1975"]
[Annotator "RC"]
[PlyCount "72"]
[EventDate "2024.07.01"]
[EventType "team-tourn"]
[EventCountry "POL"]
[SourceTitle "playchess.com"]
[Source "ChessBase"]
[SourceQuality "1"]
[TimeControl "40/5400+30:1800+30"]

1. e4 e6 2. d4 d5 3. Nc3 Bb4 4. e5 c5 5. Bd2 cxd4 6. Nb5 Bf8 7. Nxd4 Nc6 8. Bc3 Nxd4 9. Qxd4 Ne7 10. O-O-O Nc6 11. Qg4 Bd7 12. f4 Qb6 13. Nf3 Rc8 14. Nd4 Nb4 15. Bxb4 Qxb4 16. Qg3 a6 17. Qb3 Ba4 18. Qxb4 Bxb4 19. Rd3 Ke7 20. c3 Bc5 21. Kd2 Bd7 22. Be2 b5 23. a3 g6 24. Rc1 Rb8 25. b4 Bb6 26. Rf3 Ra8 27. g4 h5 28. g5 Rhc8 29. Rff1 Ra7 30. Rc2 Rac7 31. Rfc1 Ra8 32. Rb1 Rac8 33. Rbb2 Ra8 34. Bd3 Be8 35. Rb1 Bd7 36. Rbb2 Be8 1/2-1/2

[Event "WSTCC-65 2024"]
[Site "Krakow"]
[Date "2024.07.04"]
[Round "3.3"]
[White "Morriss, Pete"]
[Black "Moyses Sobrinho, Elias"]
[Result "0-1"]
[ECO "B13"]
[WhiteElo "1982"]
[BlackElo "1908"]
[Annotator "NA RC"]
[PlyCount "112"]
[EventDate "2024.07.01"]
[EventType "team-tourn"]
[EventCountry "POL"]
[SourceTitle "playchess.com"]
[Source "ChessBase"]
[SourceQuality "1"]
[TimeControl "40/5400+30:1800+30"]

1. e4 d5 2. exd5 Nf6 3. c4 c6 4. d4 cxd5 5. Nc3 Nc6 6. Nf3 g6 7. h3 Bg7 8. Be2 O-O 9. O-O dxc4 10. Bxc4 Na5 11. Be2 Nd5 12. Nxd5 Qxd5 13. Bf4 Nc6 14. Rc1 Nxd4 15. Nxd4 Qxd4 16. Qxd4 Bxd4 17. Rc7 Bxb2 18. Rxe7 Bf6 19. Rc7 Bd8 20. Rcc1 Bb6 21. Bf3 Kg7 22. Rfe1 h6 23. Re7 Be6 24. Be5+ Kg8 25. Bxb7 Rae8 26. Rxe8 Rxe8 27. a3 Bxh3 28. Bf4 Bf5 29. Ba6 g5 30. Bd2 Rd8 31. Bc3 Bd3 32. Bxd3 Rxd3 33. Bb4 Rb3 34. Rc6 Kh7 35. Rc2 Kg6 36. g4 Rg3+ 37. Kf1 Rxg4 38. Rc6+ f6 39. f3 Rf4 40. Kg2 h5 41. Bd6 Rf5 42. Kg3 Rd5 43. Be7 Bd4 44. a4 Be5+ 45. Kf2 h4 46. f4 gxf4 47. Rc8 Kf5 48. Rh8 Rd2+ 49. Kf1 Kg4 50. Rg8+ Kf3 51. Kg1 h3 52. Rh8 Bd4+ 53. Kh1 h2 54. a5 a6 55. Bc5 Rd1+ 56. Kxh2 Bxc5 0-1

[Event "WSTCC-65 2024"]
[Site "Krakow"]
[Date "2024.07.04"]
[Round "3.4"]
[White "Vogel, Robert"]
[Black "Chapman, Terry P D"]
[Result "0-1"]
[ECO "D30"]
[WhiteElo "2085"]
[BlackElo "2287"]
[Annotator "RC"]
[PlyCount "54"]
[EventDate "2024.07.01"]
[EventType "team-tourn"]
[EventCountry "POL"]
[SourceTitle "playchess.com"]
[Source "ChessBase"]
[SourceQuality "1"]
[TimeControl "40/5400+30:1800+30"]

1. d4 d5 2. c4 e6 3. Nf3 Nf6 4. g3 Bb4+ 5. Nbd2 dxc4 6. Qc2 b5 7. a4 c6 8. Bg2 Bb7 9. O-O a6 10. b3 cxb3 11. Qxb3 a5 12. Ne5 Qxd4 13. Bb2 bxa4 14. Bxd4 axb3 15. Nxb3 Nd5 16. Nd3 O-O 17. Nxb4 axb4 18. Nc5 Rxa1 19. Rxa1 Bc8 20. Ra7 Nc3 21. Bxc3 bxc3 22. Be4 e5 23. Kf1 Rd8 24. Ra8 Na6 25. Rxc8 Rxc8 26. Nxa6 Ra8 27. Nc5 c2 0-1

[Event "WSTCC-65 2024"]
[Site "Krakow"]
[Date "2024.07.04"]
[Round "3.4"]
[White "Krupa, Jerzy"]
[Black "Schulz, Michael"]
[Result "0-1"]
[ECO "B06"]
[WhiteElo "1885"]
[BlackElo "2109"]
[Annotator "NA RC"]
[PlyCount "70"]
[EventDate "2024.07.01"]
[EventType "team-tourn"]
[EventCountry "POL"]
[SourceTitle "playchess.com"]
[Source "ChessBase"]
[SourceQuality "1"]
[TimeControl "40/5400+30:1800+30"]

1. e4 g6 2. d4 Bg7 3. Nc3 c5 4. dxc5 Bxc3+ 5. bxc3 Qa5 6. Qd4 Nf6 7. Qb4 Qc7 8. Nf3 Nc6 9. Qa4 Ne5 10. Qd4 Nxf3+ 11. gxf3 e5 12. Qb4 O-O 13. Bg5 Kg7 14. O-O-O Ng8 15. Rd6 f6 16. Be3 Ne7 17. f4 Nc6 18. Qa3 b6 19. Bb5 Bb7 20. Rhd1 Rf7 21. Bc4 Re7 22. cxb6 axb6 23. Rxc6 dxc6 24. Bxb6 Rxa3 25. Bxc7 Rxc7 26. Kb2 Ra8 27. f5 c5 28. f3 Rb8 29. Kc1 gxf5 30. Rg1+ Kh8 31. exf5 Bxf3 32. Be6 Rd8 33. h4 e4 34. Kb2 Rb7+ 35. Kc1 e3 0-1

[Event "WSTCC-65 2024"]
[Site "Krakow"]
[Date "2024.07.04"]
[Round "3.4"]
[White "Vieira, Alexandre Letizio"]
[Black "MacElligott, Gerard"]
[Result "0-1"]
[ECO "B30"]
[WhiteElo "1825"]
[BlackElo "1993"]
[Annotator "NA RC"]
[PlyCount "98"]
[EventDate "2024.07.01"]
[EventType "team-tourn"]
[EventCountry "POL"]
[SourceTitle "playchess.com"]
[Source "ChessBase"]
[SourceQuality "1"]
[TimeControl "40/5400+30:1800+30"]

1. e4 c5 2. Nf3 Nc6 3. d3 g6 4. g3 Bg7 5. Bg2 d6 6. c3 e5 7. a4 Nge7 8. Na3 O-O 9. O-O h6 10. Nh4 Be6 11. Qe1 d5 12. exd5 Nxd5 13. Nc4 Qc7 14. Ne3 Nde7 15. Nc4 Rad8 16. Qe2 Qd7 17. Be3 Qxd3 18. Qxd3 Rxd3 19. Na3 b6 20. Rfe1 Rfd8 21. Nb5 Bb3 22. Bf3 g5 23. Bxc6 Nxc6 24. Nf5 Bf8 25. h4 f6 26. hxg5 hxg5 27. Kg2 Kf7 28. g4 Rd1 29. a5 Rxe1 30. Rxe1 Bc4 31. Na3 Bd5+ 32. Kg3 Nxa5 33. Nb5 Nc6 34. Ra1 a5 35. Nc7 Bc4 36. Rh1 Kg6 37. f3 Ne7 38. b4 axb4 39. cxb4 Nxf5+ 40. gxf5+ Kxf5 41. bxc5 Bxc5 42. Bxc5 bxc5 43. Rc1 Rc8 44. Rxc4 Rxc7 45. Kh3 Ke6 46. Kg4 Kd5 47. Rc1 c4 48. Kf5 Rc6 49. Rd1+ Kc5 0-1

[Event "WSTCC-65 2024"]
[Site "Krakow"]
[Date "2024.07.04"]
[Round "3.5"]
[White "Garcia Palermo, Carlos Horacio"]
[Black "Mikhalevski, Alexander"]
[Result "1/2-1/2"]
[ECO "A46"]
[WhiteElo "2419"]
[BlackElo "2393"]
[Annotator "TA"]
[PlyCount "171"]
[EventDate "2024.07.01"]
[EventType "team-tourn"]
[EventCountry "POL"]
[SourceTitle "playchess.com"]
[Source "ChessBase"]
[SourceQuality "1"]
[TimeControl "40/5400+30:1800+30"]

1. d4 Nf6 2. Nf3 d5 3. c4 e6 4. cxd5 exd5 5. Qc2 Be7 6. Bf4 {[%emt 0:00:43] D30: Queen's Gambit Declined: Systems without Nc3.} c5 7. dxc5 $146 ({Predecessor:} 7. e3 c4 8. Nc3 Qa5 9. Be2 b5 10. O-O b4 11. Qa4+ Qxa4 12. Nxa4 Ne4 13. Rfd1 {0-1 Antoshin,V-Bronstein,D URS-ch24 Final 1957 (8)}) 7... Nc6 8. Nbd2 Qa5 9. e3 Ne4 10. Nd4 Nxd2 11. Qxd2 Qxd2+ 12. Kxd2 Bxc5 13. Bb5 Bd7 14. Bxc6 bxc6 15. Rac1 Bb4+ 16. Ke2 c5 17. Bd6 Rc8 18. Rhd1 h5 19. a3 Bxa3 20. bxa3 cxd4 21. Rxc8+ Bxc8 22. Rxd4 Bb7 23. Rb4 Bc8 24. Bc5 a6 25. Kd3 Rh6 26. Kd4 Rg6 27. g3 Kd7 28. Kxd5 Kc7 29. e4 Bb7+ 30. Kd4 h4 31. e5 hxg3 32. hxg3 Bc6 (32... Rg4+ $14 33. Ke3 Rxb4 34. Bxb4 (34. axb4 Kc6 $14) 34... Kd7) 33. Bd6+ $16 Kd7 34. Kc5 $1 Bg2 35. Rb6 f6 36. Rxa6 fxe5 37. Ra7+ Kc8 (37... Ke6 $142 38. Re7+ Kf6 39. Rxe5 (39. Bxe5+ $2 Kxe7 40. a4 Rc6+ 41. Kb4 Rb6+ 42. Kc3 Rc6+ 43. Kb4 Kf8 $19) 39... Rg4) 38. Bxe5 $18 Rc6+ 39. Kd4 g6 40. g4 Bf3 41. g5 Bg4 42. f4 Be6 43. Rg7 Rc4+ 44. Kd3 Ra4 45. Bd6 (45. Rxg6 $2 {is the wrong capture.} Bf5+ (45... Rxa3+ $2 {perishes.} 46. Ke4 $18) 46. Kc3 Bxg6 $19) 45... Bf5+ 46. Kc3 Ra6 47. Bc5 Rc6 48. Kd4 Rc7 {[%emt 0:00:00] [#]} 49. Rg8+ $1 Kb7 50. Rf8 Rc8 $2 (50... Rd7+ 51. Kc4 Be6+ 52. Kc3 Rd1) 51. Rf6 $2 (51. Rxf5 {White threatens Rf7+ and mate.} gxf5 52. Kd5) 51... Rc6 (51... Re8 {was necessary.} 52. Bd6 Bb1) 52. Kd5 $18 Rc8 $2 (52... Bg4 53. Bd6 (53. Rxc6 Bf3+ 54. Kd6 Bxc6 $18) 53... Bf3+ 54. Ke5 Bh5) 53. Bd6 $2 (53. Rxf5 {Intending Rf7+ and mate.} gxf5 54. Be7) 53... Bc2 54. Ke6 Kc6 $2 (54... Ra8 {might work better.} 55. Kf7 Ra7) 55. Kf7 $18 Kd5 56. Be5 Ra8 $2 (56... Rc6 57. a4 Kc5 58. Bd4+ Kd5) 57. Rd6+ $18 Kc5 58. Rd2 $2 (58. Kg7) 58... Bf5 59. Bd6+ (59. Kg7 $18) 59... Kc6 $16 60. Bb4 Ra7+ 61. Kf6 Rd7 62. Rf2 Rd4 63. Bc3 Rd6+ 64. Kg7 Rd7+ 65. Kh6 Rd3 66. Bb4 Rd4 67. Bf8 Kd7 68. Kg7 Ke6 69. Re2+ Re4 {[%emt 0:02:12] [#]} 70. Rb2 (70. Rxe4+ $1 $16 Bxe4 71. a4) 70... Rxf4 $14 71. Rb6+ Kd7 72. Bb4 Bc2 73. Rd6+ Ke8 74. Rd2 Rf7+ 75. Kh6 Rc7 76. Bd6 Rc4 77. Kg7 Kd7 78. Kf6 Bf5 79. Be7+ Kc6 80. Rd6+ Kb5 81. Rd5+ Kc6 $1 82. Ra5 Bc2 83. Bb4 Bf5 84. Ra6+ Kb7 85. Rd6 Rc6 86. Rxc6 1/2-1/2

[Event "WSTCC-65 2024"]
[Site "Krakow"]
[Date "2024.07.04"]
[Round "3.5"]
[White "Quinn, John M"]
[Black "Gibbons, Robert"]
[Result "1-0"]
[ECO "D46"]
[WhiteElo "2073"]
[BlackElo "1908"]
[Annotator "NA RC"]
[PlyCount "81"]
[EventDate "2024.07.01"]
[EventType "team-tourn"]
[EventCountry "POL"]
[SourceTitle "playchess.com"]
[Source "ChessBase"]
[SourceQuality "1"]
[TimeControl "40/5400+30:1800+30"]

1. d4 d5 2. c4 c6 3. Nf3 Nf6 4. Nc3 e6 5. e3 Nbd7 6. Bd3 Be7 7. O-O O-O 8. b3 Re8 9. Bb2 b6 10. e4 dxe4 11. Nxe4 Nxe4 12. Bxe4 Bb7 13. Bc2 Qc7 14. Qd3 Nf8 15. Rad1 Rad8 16. Qe3 c5 17. Rfe1 Bf6 18. Ne5 Bxe5 19. dxe5 Rxd1 20. Rxd1 Rd8 21. Rd3 Rd7 22. Qd2 Bc6 23. f3 Rxd3 24. Qxd3 Qd7 25. Kf2 Qxd3 26. Bxd3 Nd7 27. h4 f6 28. exf6 gxf6 29. Ke3 Kg7 30. g4 h6 31. g5 hxg5 32. hxg5 e5 33. f4 Bg2 34. gxf6+ Kxf6 35. fxe5+ Nxe5 36. Kf4 Ke6 37. Bxe5 Kd7 38. Be4 Bf1 39. Bb8 a5 40. Ke5 Bh3 41. Bf5+ 1-0

[Event "WSTCC-65 2024"]
[Site "Krakow"]
[Date "2024.07.04"]
[Round "3.5"]
[White "Sanetra, Piotr"]
[Black "Vogt, Lothar"]
[Result "1/2-1/2"]
[ECO "B22"]
[WhiteElo "2024"]
[BlackElo "2292"]
[Annotator "TA"]
[PlyCount "45"]
[EventDate "2024.07.01"]
[EventType "team-tourn"]
[EventCountry "POL"]
[SourceTitle "playchess.com"]
[Source "ChessBase"]
[SourceQuality "1"]
[TimeControl "40/5400+30:1800+30"]

1. e4 c5 2. c3 d5 3. exd5 Qxd5 4. d4 Nf6 5. Nf3 e6 6. Bd3 Nc6 7. O-O cxd4 8. cxd4 Be7 9. Nc3 Qd6 10. Bg5 O-O 11. Rc1 Rd8 12. Nb5 Qd7 13. Ne5 (13. Bb1 {vereinfacht} g6 14. Qe2 Nd5 15. Bxe7 Qxe7 16. Rfd1) 13... Nxe5 {[%emt 0:03:46] Die Stellung ist ausgeglichen.} 14. Rc7 Qd5 15. dxe5 (15. Rxe7 $2 Nxd3 (15... Qxa2 $2 16. dxe5 $18) 16. Bxf6 Qxb5 $19) 15... Qxd3 (15... Qxe5 $11 16. Rxe7 Kf8) 16. Qxd3 $16 {[%emt 0:00:26] Weiß steht besser.} Rxd3 17. Rxe7 {[%emt 0:00:22] Weiß hat aktiveres Spiel.} Bd7 {[%emt 0:00:21] Schwarz hat schwache schwarze Felder} 18. Nd6 ({Ein No Go ist} 18. exf6 $6 Bxb5 19. Rc1 (19. Rxb7 $2 {zu gefräßig.} Ba6 $17) 19... Rad8 $11) 18... Bc6 19. Bxf6 gxf6 20. Nxf7 (20. Nxb7 fxe5 21. Rc7 Bxb7 22. Rxb7 a5 $18) 20... Rf8 21. Nh6+ Kh8 22. Rxe6 fxe5 23. Rxe5 {[%emt 0:04:43] Gewichteter Fehlerwert: Weiß=0.07 (makellos) /Schwarz=0.20 (präzise) .  Fehler:       	---       	Schwarz=1     OK:         	Weiß=6     	Schwarz=5     Bester:       	Weiß=2     	Schwarz=1} 1/2-1/2